 Seeded DCSS version 0.32-a0-685-g93135e86f0 (webtiles) character file.

Game seed: 20240312 (custom seed)

158 Griffin23 the Covered (level 5, -1/47 HPs)
             Began as a Minotaur Fighter on Mar 12, 2024.
             Slain by an orc wizard
             ... wielding a +0 dagger
              (2 damage)
             ... on level 3 of the Dungeon.
             The game lasted 00:03:46 (2142 turns).

Griffin23 the Covered (Minotaur Fighter)            Turns: 2142, Time: 00:03:46

Health: -1/47      AC:  8    Str: 20    XL:     5   Next: 16%
Magic:  4/4        EV:  9    Int:  5    God:
Gold:   105        SH:  5    Dex: 12    Spells: 4/4 levels left

rFire   . . .        a - +0 long sword
rCold   . . .        c - +0 buckler
rNeg    . . .        b - +0 scale mail
rPois   .            (helmet restricted)
rElec   .            (no cloak)
rCorr   .            (no gloves)
SInv    .            n - +0 pair of boots
Will    .....        (no amulet) Stlth
                     (no ring)
HPRegen 0.27/turn    (no ring)
MPRegen 0.09/turn

%: no passive effects
@: no status effects
A: horns 2, retaliatory headbutt
a: no special abilities


You were on level 3 of the Dungeon.
You visited 1 branch of the dungeon, and saw 3 of its levels.

You collected 105 gold pieces.

Inventory:

Hand Weapons
 a - a +0 long sword (weapon)
Armour
 b - a +0 scale mail (worn)
 c - a +0 buckler (worn)
 n - a +0 pair of boots (worn)
Jewellery
 d - a +6 ring of dexterity
 e - an amulet of guardian spirit
 g - a ring of wizardry
Scrolls
 f - 2 scrolls of identify {unknown}
 i - a scroll of amnesia {unknown}
 k - a scroll of teleportation {unknown}
 l - a scroll of immolation {unknown}
 m - a scroll of revelation {unknown}
Potions
 h - 2 potions of curing {unknown}
 j - a potion of invisibility {unknown}


   Skills:
 * Level 4.6 Fighting
 * Level 4.4 Long Blades
 * Level 4.8 Armour
 * Level 4.2 Shields


You had 4 spell levels left.
You didn't know any spells.
Your spell library contained the following spells:

 Spells                   Type           Power      Damage    Failure   Level
 Blink                    Tloc           0%         N/A       95%         2
 Lesser Beckoning         Tloc           0%         N/A       95%         2
 Momentum Strike          Conj/Tloc      0%         3d8       95%         2
 Call Canine Familiar     Summ           0%         N/A       99%         3
 Gell's Gravitas          Tloc           0%         N/A       99%         3
 Sigil of Binding         Hex            0%         N/A       99%         3
 Teleport Other           Tloc           0%         N/A       99%         3
 Dimensional Bullseye     Hex/Tloc       0%         N/A       100%        4
 Dispersal                Tloc           0%         N/A       100%        6


Dungeon Overview and Level Annotations

Branches:
Dungeon (3/15)

Altars:
Nemelex Xobeh

Shops:
D:1 (!:?


Innate Abilities, Weirdness & Mutations

You have a pair of horns on your head.
You reflexively headbutt those who attack you in melee.


Message History

The orc closely misses you. Something hits you but does no damage.
The orc hits you with a +0 hand axe.
* * * LOW HITPOINT WARNING * * *
Something hits you but does no damage.
You bump into the rock wall.
You feel less confused. The orc closely misses you. You furiously retaliate!
You headbutt the orc. You hit the orc but do no damage.
Your headbutt misses the orc.
The orc is severely wounded.
Something hits you but does no damage. The orc hits you but does no damage.
Something hits you.
* * * LOW HITPOINT WARNING * * *
You hit the orc.
You kill the orc!
Something completely misses you.
You miss something. Your headbutt misses something.
You hear some strange, mumbled words.
A magic dart appears from out of thin air!
The magic dart hits you.
* * * LOW HITPOINT WARNING * * *
You closely miss something. Your headbutt misses something.
Something hits you but does no damage.
You closely miss something. Your headbutt misses something.
You hear some strange, mumbled words.
Something tries to affect you, but you resist.
Something hits you but does no damage.
You hit something but do no damage. Your headbutt misses something.
Something hits you.
* * * LOW HITPOINT WARNING * * *
You miss something. Something hits you.
* * * LOW HITPOINT WARNING * * *
Something hits you but does no damage.
There is a large open door here.
Something hits you.
* * * LOW HITPOINT WARNING * * *
There is a large open door here.
Things that are here:
a +0 dagger; an orc corpse You miss something.
Something hits you.
You die...

...............#
######...##...#
####..### ####
#......#
+......#
#......#
#...)..#
####{### #@#
......)).#
.........#
.........#
$........#
.........#
##...##... #.#.
#.##


There were no monsters in sight!

Vanquished Creatures
  An orc priest (D:3)
  Crazy Yiuf (D:2)
  An orc wizard (D:3)
  3 adders (D:2)
  A ribbon worm (D:2)
  5 orcs (D:3)
  2 bats
  3 endoplasms
  2 giant cockroaches (D:2)
  3 goblins
  7 hobgoblins
  7 jackals
  A ball python (D:3)
  A frilled lizard (D:1)
  4 kobolds
  4 rats
46 creatures vanquished.

Notes
Turn   | Place    | Note
-------+----------+-------------------------------------------
     0 | D:1      | Griffin23 the Minotaur Fighter began the quest for the Orb.
     0 | D:1      | Reached XP level 1. HP: 19/19 MP: 0/0
    35 | D:1      | Found Vemunwif's Magic Scroll Emporium.
    78 | D:1      | Found Ruveyxkeo's Book Shop.
   177 | D:1      | Reached XP level 2. HP: 22/27 MP: 1/1
   300 | D:1      | Found Amniuff's Distillery.
   403 | D:1      | Found Tyjozopn's Weapon Shop.
   585 | D:1      | Found a faded altar of an unknown god.
   874 | D:2      | Reached XP level 3. HP: 28/33 MP: 2/2
  1303 | D:2      | Found a runed translucent door.
  1304 | D:2      | Noticed Crazy Yiuf
  1789 | D:2      | Killed Crazy Yiuf
  1790 | D:2      | Reached XP level 4. HP: 31/41 MP: 3/3
  2042 | D:3      | Found a sparkling altar of Nemelex Xobeh.
  2115 | D:3      | Reached XP level 5. HP: 26/47 MP: 4/4
  2139 | D:3      | HP: 1/47 [something (2)]
  2142 | D:3      | Slain by an orc wizard

Illustrated notes

Levels and vault maps discovered:
D:1:      psy_arrival_fountain, layout_rooms,
          dreamdust_ecumenical_altar_hidden_monk_grotto, serial_shops,
          nicolae_shop_statue_plus, nicolae_shop_industrial_runoff, shop, shop
D:2:      layout_rooms, kennysheep_boxes, uniq_crazy_yiuf_cottage
D:3:      layout_basic, mainiacjoe_overflow_surrounded_room,
          nemelex_diamond_rough_becter, kennysheep_another_room,
          hangedman_decor_push, nicolae_figureground_sparkle, uniq_terence

Skill      XL: |  1  2  3  4 |
---------------+-------------+-----
Fighting       | 4 |  4.6
Armour         | 4 |  4.8
Long Blades    | 3 4 |  4.4
Shields        | 4 |  4.2

Action                     |  1- 3 |  4- 6 || total
---------------------------+-------+-------++-------
  Melee: Long sword        |   132 |    56 ||   188
         Headbutt          |    37 |     6 ||    43
    Use: Potion            |     1 |       ||     1
 Armour: Scale mail        |    40 |    61 ||   101
  Dodge: Dodged            |    34 |    30 ||    64
  Block: Buckler           |     8 |    14 ||    22

Table legend: (Time is in decaauts)
 A = Elapsed time spent in this place.
 B = Non-inter-level travel time spent in this place.
 C = Inter-level travel time spent in this place.
 D = Time resting spent in this place.
 E = Time spent auto-exploring this place.
 F = Levels seen in this place.
 G = Mean time per level.
                   A        B        C        D        E       F      G
               +--------+--------+--------+--------+--------+-----+--------+
         Total |   2194 |   1996 |    198 |      3 |   1546 |   3 |  731.3 |
       Dungeon |   2194 |   1996 |    198 |      3 |   1546 |   3 |  731.3 |
               +--------+--------+--------+--------+--------+-----+--------+

Top non-repeatable levels by time:
     D:2: 1248 daAuts
     D:1: 696 daAuts
     D:3: 249 daAuts
